 Dungeon Sprint DCSS version 0.31-a0-986-g5e6e4ef867 (webtiles) character file.

Game seed: 12900998733781647408

130 rocky1 the Insei (level 5, -5/38 HPs)
             Began as a Djinni Shapeshifter on Nov 13, 2023.
             Slain by a shadow (27 damage)
             ... in the Dungeon (Sprint III: "The Ten Rune Challenge").
             The game lasted 00:01:47 (599 turns).

rocky1 the Insei (Djinni Shapeshifter)               Turns: 599, Time: 00:01:48

Health: -5/38      AC:  9    Str: 13    XL:     5   Next: 36%
Gold:   30         EV: 10    Int: 12    God:
                   SH:  0    Dex: 14

rFire   + +          .
                       - Unarmed
rCold   x . .        (no shield)
rNeg    . . .        k - +3 scale mail
rPois   ∞            (helmet currently unavailable)
rElec   .            (cloak currently unavailable)
rCorr   .            (gloves currently unavailable)
SInv    .            (boots unavailable)
Will    .....        (no amulet) Stlth
                     (no ring)
HPRegen 0.26/turn    (no ring)
MPRegen 0.00/turn

%: no teleportation, infuse magic (-6 HP)
@: beast-form, flying
A: beast (slay +3), flying, sickness immunity, fire resistance 2, cold
vulnerability 1, float, innate caster, HP casting, extra vitality 1, subdued
magic 1
a: Begin Untransformation


You were in the Dungeon.
You were a hulking beast.
You visited 1 branch You collected 30 gold pieces.

Inventory:

Armour
 a - a +0 animal skin
 k - a +3 scale mail (worn)
Talismans
 c - a beast talisman
 d - a flux talisman
Scrolls
 i - 2 scrolls of blinking
 j - a scroll of immolation {unknown}
 l - a scroll of poison {unknown}
 n - a scroll of torment {unknown}
 o - 2 scrolls of identify
Potions
 b - a potion of lignification
 e - a potion of curing
 g - a potion of haste
 h - a potion of berserk rage
 m - 2 potions of enlightenment


   Skills:
 + Level 1.8 Fighting
 + Level 2.5 Armour
 + Level 3.6 Dodging
 + Level 1.1 Stealth
 + Level 6.9 Unarmed Combat
 + Level 5.6 Shapeshifting


You knew the following spells:

 Your Spells              Type           Power      Damage    Failure   Level
a - Sandblast             Erth           0%         2d4       80%         1
b - Scorch                Fire           0%         2d5       90%         2
Your spell library was empty.

Dungeon Overview and Level Annotations

Branches:
Dungeon (1/1)

Altars:


Innate Abilities, Weirdness & Mutations

You are a hulking beast.
Your limbs bulge with bestial killing power. (Slay +3)
You are flying.
You are immune to sickness and miasma.
You are immune to poison.
Your flesh is very heat resistant. (rF++)
You are vulnerable to cold. (rC-)
You float through the air rather than walking.
You learn spells naturally, not from books.
Your magical power is your life essence.
You have superior vitality. (+4 MHP)
Your spells are a little easier to cast, but a little less powerful.


Message History

You punch the jelly!
You kill the jelly!
You start waiting.
Done waiting.
A shadow comes into view.
There is an open door here.
You hit the shadow but do no damage. Your punch misses the shadow.
The shadow hits you.
You hit the shadow.
The shadow is lightly damaged.
You hit the shadow but do no damage.
The shadow is lightly damaged.
The shadow hits you.
You hit the shadow.
The shadow is lightly damaged.
The shadow hits you.
You hit the shadow but do no damage.
The shadow is lightly damaged.
The shadow hits you.
You punch the shadow!
The shadow is heavily damaged.
The shadow slips into darkness.
The shadow flickers and vanishes!
Deactivating autopickup; reactivate with Ctrl-A.
You barely miss something.
The shadow strikes at you from the darkness!
Reactivating autopickup.
You hit the shadow.
The shadow is heavily damaged.
The shadow hits you.
You hit the shadow but do no damage.
The shadow is heavily damaged.
The shadow slips into darkness.
The shadow flickers and vanishes!
Deactivating autopickup; reactivate with Ctrl-A.
You hit something. You hit something.
The shadow strikes at you from the darkness!
Ouch! That really hurt!
You die...

▓ ▓▓▓ ♣♣ ♣.# .♣
♣.# .♣ ♣♣.# ♣♣
♣..###+#+###+## ♣♣
♣..#..........#
~♣♣.♣.'.⌠........#
~~~♣♣.#...######h#
~~....#.⌠.# #.{.#
~.....#...# #...#
......#+### #...#
......# #...+
......# +...#
▓▓▓▓▓▓▓ ▓▓▓▓▓


There were no monsters in sight!

Vanquished Creatures
  A water elemental (D)
  A jelly (D)
  A human (D)
  A wolf (D)
  2 endoplasms (D)
  2 rats (D)
8 creatures vanquished.

Notes
Turn   | Place    | Note
-------+----------+-------------------------------------------
     0 | D        | rocky1 the Djinni Shapeshifter began the quest for the Orb.
     0 | D        | Reached XP level 1. HP: 17/17 MP: 0/0
    70 | D        | Noticed a wolf
    83 | D        | Killed a wolf
    84 | D        | Reached skill level 4 in Unarmed Combat
    84 | D        | Reached XP level 2. HP: 18/22 MP: 0/0
   105 | D        | Reached skill level 1 in Armour
   105 | D        | Reached XP level 3. HP: 16/27 MP: 0/0
   105 | D        | Learned a level 1 spell: Sandblast
   164 | D        | Gained mutation: Armour fits poorly on your strangely
                  | shaped body. [potion of mutation]
   165 | D        | Lost mutation: Armour fits poorly on your strangely shaped
                  | body. [potion of mutation]
   165 | D        | Gained mutation: You occasionally lose the ability to drink
                  | potions when taking damage. [potion of mutation]
   165 | D        | Gained mutation: You are very vulnerable to cold. (rC--)
                  | [potion of mutation]
   166 | D        | Lost mutation: You are very vulnerable to cold. (rC--)
                  | [potion of mutation]
   166 | D        | Lost mutation: You occasionally lose the ability to drink
                  | potions when taking damage. [potion of mutation]
   166 | D        | Gained mutation: You are somewhat resistant to further
                  | mutation. [potion of mutation]
   167 | D        | Lost mutation: You are somewhat resistant to further
                  | mutation. [potion of mutation]
   167 | D        | Gained mutation: Your body sometimes deteriorates upon
                  | taking damage. [potion of mutation]
   167 | D        | Gained mutation: You occasionally shout uncontrollably at
                  | your foes. [potion of mutation]
   167 | D        | Lost mutation: You occasionally shout uncontrollably at
                  | your foes. [potion of mutation]
   168 | D        | Lost mutation: Your body sometimes deteriorates upon taking
                  | damage. [potion of mutation]
   168 | D        | Gained mutation: Your spells are a little easier to cast,
                  | but a little less powerful. [potion of mutation]
   276 | D        | Noticed a water elemental
   283 | D        | Killed a water elemental
   284 | D        | Reached skill level 1 in Stealth
   284 | D        | Reached skill level 6 in Unarmed Combat
   284 | D        | Reached skill level 5 in Shapeshifting
   284 | D        | Reached XP level 4. HP: 32/32 MP: 0/0
   284 | D        | Reached XP level 5. HP: 37/37 MP: 0/0
   284 | D        | Learned a level 2 spell: Scorch
   588 | D        | Noticed a shadow
   599 | D        | Slain by a shadow

Illustrated notes

Levels and vault maps discovered:
D:        dungeon_sprint_mu [sprint_mu_entry_forest, sprint_mu_temple_rooms,
          sprint_mu_d1_horrors, sprint_mu_d2_genie, sprint_mu_d3_branching,
          sprint_mu_orc_legion, sprint_mu_elf_gauntlet, sprint_mu_hive_nellie,
          sprint_mu_lair_fedhas, sprint_mu_vaults_butterflies,
          sprint_mu_slime_circle, sprint_mu_shoals_kraken,
          sprint_mu_snake_twists, sprint_mu_blade_basic,
          sprint_mu_crypt_fortress, sprint_mu_tomb_spiral,
          sprint_mu_vestibule_basic, sprint_mu_gehenna_hellfire,
          sprint_mu_dis_giant, sprint_mu_tartarus_statrot,
          sprint_mu_cocytus_islands, sprint_mu_zot1]

Skill      XL: |  1  2  3 |
---------------+----------+-----
Shapeshifting  | 3 4 5 |  5.6
Unarmed Combat | 4 6 |  6.9
Armour         | 1 2 |  2.5
Dodging        | 3 |  3.6
Stealth        | 1 |  1.1
Fighting       | |  1.8

Action                     |  1- 3 |  4- 6 || total
---------------------------+-------+-------++-------
  Melee: Unarmed           |    44 |    13 ||    57
    Use: Potion            |     7 |       ||     7
   Stab: Sleeping          |     1 |       ||     1
 Armour: Scale mail        |    17 |     8 ||    25
         Animal skin       |     2 |       ||     2
         Skin              |     5 |       ||     5
  Dodge: Dodged            |    13 |     1 ||    14

Table legend: (Time is in decaauts)
 A = Elapsed time spent in this place.
 B = Non-inter-level travel time spent in this place.
 C = Inter-level travel time spent in this place.
 D = Time resting spent in this place.
 E = Time spent auto-exploring this place.
 F = Levels seen in this place.
 G = Mean time per level.
                   A        B        C        D        E       F      G
               +--------+--------+--------+--------+--------+-----+--------+
         Total |    593 |    593 |      0 |    426 |      0 |   1 |  593.0 |
       Dungeon |    593 |    593 |      0 |    426 |      0 |   1 |  593.0 |
               +--------+--------+--------+--------+--------+-----+--------+

Top non-repeatable levels by time:
       D: 593 daAuts
